 Dungeon Crawl Stone Soup version 0.24.0-123-gd5b16e6ec5 (webtiles) character file.

Game seed: 13096324106067447442, levelgen mode: deterministic

180 DildoBatman the Conjurer (level 5, -2/35 HPs)
             Began as a Formicid Wizard on Jan 5, 2020.
             Splashed by a jelly's acid (7 damage)
             ... on level 5 of the Dungeon.
             The game lasted 00:10:45 (3292 turns).

DildoBatman the Conjurer (Formicid Wizard)          Turns: 3292, Time: 00:10:46

Health: -2/35      AC: -2    Str: 11    XL:     5   Next: 91%
Magic:  15/18      EV: 12    Int: 19    God:
Gold:   217        SH:  0    Dex:  9    Spells: 3/10 levels left

rFire    . . .     SeeInvis +   b - +0 dagger
rCold    + . .     Gourm    .   (no shield)
rNeg     . . .     Faith    .   h - +0 robe
rPois    .         Spirit   .   (helmet unavailable)
rElec    .         Reflect  .   u - scarf {repulsion}
rCorr    .         Harm     .   (no gloves)
MR       .....                  (no boots)
Stlth    ++........             (no amulet)
HPRegen  0.11/turn              B - ring of magical power
MPRegen  0.16/turn              z - ring of protection from cold (curse)

@: corroded, repel missiles
A: permanent stasis, dig shafts and tunnels, four strong arms, antennae 3
a: Dig, Shaft Self


You were on level 5 of the Dungeon.
You were not hungry.

You visited 1 branch of the dungeon, and saw 5 of its levels.

You collected 217 gold pieces.

Inventory:

Hand Weapons
 a - a +1 hunting sling
 b - a +0 dagger (weapon)
 j - a +0 spear
 k - a +0 club
 o - a +0 shortbow
 s - a cursed -3 great mace
Missiles
 c - 190 stones (quivered)
 e - 7 boomerangs
 q - a throwing net
 r - 12 poisoned darts
 y - 27 arrows
 C - 44 sling bullets
Armour
 h - a +0 robe (worn)
 u - a scarf of repulsion (worn)
Jewellery
 g - an uncursed ring of poison resistance
 z - a cursed ring of protection from cold (right hand)
 B - a ring of magical power (left hand)
 I - a +1 ring of protection {unknown}
Scrolls
 l - a scroll of enchant weapon
 n - a scroll of enchant armour {unknown}
 p - 2 scrolls of amnesia
 t - a scroll of immolation {unknown}
 A - a scroll of fear
 D - a scroll of blinking {unknown}
 E - a scroll of magic mapping
 F - a scroll of identify
Potions
 d - a potion of flight {unknown}
 f - 5 potions of curing {unknown}
 i - a potion of cancellation {unknown}
 m - 2 potions of haste {unknown}
 w - a potion of resistance {unknown}
 x - a potion of mutation {unknown}
 H - a potion of lignification {unknown}
Comestibles
 v - 9 rations
 G - 2 chunks of flesh


   Skills:
 - Level 1.7 Dodging
 - Level 2.4 Stealth
 - Level 3.2 Spellcasting
 * Level 4.8 Conjurations
   Level 1.0 Summonings
   Level 0.8 Translocations


You had 3 spell levels left.
You knew the following spells:

 Your Spells              Type           Power        Failure   Level  Hunger
a - Conjure Flame         Conj/Fire      ##......     16%         3    ###....
c - Magic Dart            Conj           ###.         1%          1    None
e - Mephitic Cloud        Conj/Pois/Air  #.......     22%         3    ###....

Your spell library contained the following spells:

 Spells                   Type           Power        Failure   Level  Hunger
 Summon Small Mammal      Summ           #...         10%         1    None
 Call Imp                 Summ           #.......     16%         2    ##.....
 Slow                     Hex            #.......     22%         2    ##.....
 Call Canine Familiar     Summ           #.......     30%         3    ###....
 Summon Guardian Golem    Hex/Summ       #.......     36%         3    ###....
 Summon Ice Beast         Ice/Summ       #.......     77%         4    ####...
 Summon Lightning Spire   Summ/Air       #.......     77%         4    ####...
 Blink                    Tloc           Unusable     N/A         2    N/A

Dungeon Overview and Level Annotations

Branches:
Dungeon (5/15)
 Temple: D:4-7

Altars:
Fedhas
Nemelex Xobeh
Okawaru
Ru
Xom
Yredelemnul
Zin
The Shining One

Annotations:
D:1 Robin
D:2 1 runed translucent door, Crazy Yiuf
D:4 1 exclusion, Blork the orc, Menkaure


Innate Abilities, Weirdness & Mutations

You cannot be hasted, slowed, berserked, paralysed or teleported.
You can dig through walls and to a lower floor.
Your four strong arms can wield two-handed weapons with a shield.
You have a pair of large antennae on your head. (SInv)


Message History

The jelly is lightly wounded.
The jelly hits you.
You are splashed with acid!
You hit the jelly.
Your hands burn!
The jelly is moderately wounded.
The jelly closely misses you.
Casting: Magic Dart (safe; 1% risk of failure)
Confirm with . or Enter, or press ? or * to list all spells.
Aiming: Magic Dart (safe; 1% risk of failure)
Press: ? - help, Shift-Dir - straight line, f/p - jelly
Aim: a jelly (moderately wounded)
The magic dart hits the jelly.
The jelly is moderately wounded.
The jelly hits you. The acid corrodes you!
You are splashed with acid!
The jelly hits you.
You are splashed with acid!
You die...

#.##......#..........# #....
######.##......#..........###..<.
.......##......#..........+.'...>
...######......#..........###....
........'......###'########...##.
...######..........# #.........
.......######รท.....+ #.........
.^.###+######......# #.........
[..# ...........@..# #.........
...# ...........J..# #.........
...# ..............# #.........
.......######......###+#.........
...... #....................
...... ######...........###'#'##.
+....'...............#.##.
######......##########.##.
#......# #....


You could see a jelly.

Vanquished Creatures
  A centaur (D:5)
  3 adders
  An adder zombie (D:5)
  A worm (D:3)
  A dart slug (D:1)
  2 leopard geckos
  2 orcs (D:4)
  2 giant cockroaches
  13 goblins
  10 hobgoblins
  4 jackals
  5 kobolds
  2 quokkas
  A ball python (D:5)
  4 bats
  2 frilled lizards (D:3)
  A leopard gecko skeleton (D:5)
  A quokka skeleton (D:5)
  4 rats
60 creatures vanquished.

Notes
Turn   | Place    | Note
-------+----------+-------------------------------------------
     0 | D:1      | DildoBatman the Formicid Wizard began the quest for the
                  | Orb.
     0 | D:1      | Reached XP level 1. HP: 13/13 MP: 4/4
    20 | D:1      | Reached skill level 1 in Conjurations
   315 | D:1      | Reached XP level 2. HP: 17/19 MP: 1/6
   478 | D:1      | Reached skill level 2 in Conjurations
  1051 | D:2      | Reached XP level 3. HP: 24/24 MP: 3/7
  1056 | D:2      | Learned a level 3 spell: Conjure Flame
  1060 | D:2      | Learned a level 3 spell: Mephitic Cloud
  1211 | D:2      | Found a sacrificial altar of Ru.
  1300 | D:2      | Found a sparkling altar of Nemelex Xobeh.
  1649 | D:2      | Noticed Robin
  1674 | D:2      | Reached skill level 3 in Conjurations
  1741 | D:2      | Found a runed translucent door.
  1742 | D:2      | Noticed Crazy Yiuf
  1864 | D:3      | Reached XP level 4. HP: 30/30 MP: 8/8
  1913 | D:3      | Found an iron altar of Okawaru.
  1914 | D:3      | Found a glowing golden altar of the Shining One.
  1914 | D:3      | Found a glowing silver altar of Zin.
  1917 | D:3      | Found a basalt altar of Yredelemnul.
  2323 | D:3      | Found a shimmering altar of Xom.
  2538 | D:4      | Found a blossoming altar of Fedhas.
  2579 | D:4      | Noticed an ogre
  2595 | D:4      | Noticed Blork the orc
  2603 | D:4      | Noticed Menkaure
  2606 | D:4      | You fall into a shaft and drop 1 floor!
  2606 | D:5      | Entered Level 5 of the Dungeon
  2785 | D:5      | Noticed a centaur
  2802 | D:5      | Killed a centaur
  2802 | D:5      | Reached skill level 4 in Conjurations
  2802 | D:5      | Reached XP level 5. HP: 25/35 MP: 9/9
  3169 | D:5      | Found a sparkling altar of Nemelex Xobeh.
  3201 | D:5      | Found a basalt altar of Yredelemnul.
  3292 | D:5      | Splashed by a jelly's acid

Levels and vault maps discovered:
D:1:      dpeg_arrival_pond, layout_rooms
D:2:      layout_rooms, nicolae_ru_path_of_blood, nemelex_altar_shiori,
          uniq_robin, uniq_crazy_yiuf_cottage
D:3:      layout_basic, grunt_temple_overflow_open, led_xom_imps, first_ration,
          chequers_decorated_corner, uniq_natasha
D:4:      cheibrodos_greedy_goblins, layout_basic, lemuel_crystal_altar,
          serial_shops, shop, uniq_blork_the_orc, uniq_menkaure
D:5:      layout_basic, basic_altar, roderic_lattice_a,
          nemelex_diamond_rough_becter

Skill      XL: |  1  2  3  4 |
---------------+-------------+-----
Conjurations   | 1 2 3 4 |  4.8
Dodging        | |  1.7
Stealth        | |  2.4
Spellcasting   | |  3.2
Summonings     | |  1.0
Translocations | |  0.8

Action                   |  1- 3 |  4- 6 || total
-------------------------+-------+-------++-------
Melee: Unarmed           |    15 |       ||    15
       Dagger            |     3 |    10 ||    13
       Club              |     2 |       ||     2
 Fire: Hunting sling     |    48 |    11 ||    59
 Cast: Magic Dart        |    73 |    48 ||   121
       Mephitic Cloud    |     1 |     1 ||     2
 Abil: Dig               |     3 |     6 ||     9
       Shaft Self        |       |     1 ||     1
  Use: Scroll            |       |     6 ||     6
 Stab: Confused          |       |     3 ||     3
  Eat: Chunk             |     3 |     2 ||     5
       Ration            |       |     1 ||     1
Armor: Robe              |     7 |     9 ||    16
Dodge: Dodged            |    38 |    17 ||    55
       Deflected         |       |     1 ||     1
